Selects Panzerjäger Kommand Battlegroup
Construct Light Support Kompanie
Selects GrB 39 Grenade Launcher Requisition
Construct Mechanized Kompanie
Selects Crew Shock Tactics
Marder III Tank Destroyer
Marder III Tank Destroyer
Selects Defensive Positions
Construct Panzerarmee Kommand
Walking Stuka Rocket Launcher
Selects Anti-tank Overwatch
Selects Butterfly Bomb Drop
Walking Stuka Rocket Launcher
Marder III Tank Destroyer